Description

Build order from BassetYT post in reddit

Build Order

Why is there no SALT encoding or Overwolf build?

  13    Overlord  
  16    Hatchery  
  18    Extractor  
  17    Spawning Pool  
  20    Overlord  
      Action  As soon as pool is ready: make 4 lings and 2 queens
      Action  @100 gas: pull 2 drones from gas and start ling speed
    2:40  Hatchery  you should have 22-24 drones, 2 queens and 4 lings
      Action  The next minute build drones and one queen at a time in your natural
    3:20  Action  return two drone to mine gas again
    3:40  Zergling x5  
      Action  Keep building queens (from 2nd and 3rd) untill 7 (3 inject, 4 creep)
    3:40  Zergling x3  
      Action  You may need to put spores. 4:00 for lib, 4:30 banshee and 5:20 for BC
    3:40  Zergling x4  
    3:50  Baneling Nest  
    3:51  Extractor  you should have 35 drones
    4:00  Action  scout with overlord
    4:30  Evolution Chamber x2  
    4:31  Lair  You should have 40-45 drones
      Zerg Ground Armor Level 1 x2  If no all in, If no all in
      Zerg Melee Weapons Level 1 x2  If no all in, If no all in
    5:30  Hatchery x2  
    9:00  Hive x2  
Spawning Tool Build Advisor. Get it on Overwolf

Go to:

Details

  • Created by: argfede
  • Published on: Jul 27, 2023
  • Modified on: Jul 27, 2023
  • Patch: 5.0.11
  • Difficulty: Medium
Show

Export as new Build Order

Comments (0)

There are no comments. Be the first!

Create an account to comment!